 Dungeon Crawl Stone Soup version 0.30-a0-930-gb9d0489357 (webtiles) character file.

Game seed: 17457649910997758288

209152 mistaj the Fencer (level 19, 0/109 HPs)
             Began as a Vine Stalker Fighter on Mar 23, 2023.
             Was the Champion of Makhleb.
             Slain by a salamander
             ... wielding a +2 trident
              (8 damage)
             ... on level 4 of the Snake Pit.
             The game lasted 01:27:48 (32309 turns).

mistaj the Fencer (Vine Stalker Fighter)           Turns: 32309, Time: 01:27:49

Health: 0/109      AC: 36    Str: 31    XL:     19   Next: 22%
Magic:  0/30       EV: 14    Int: 17    God:    Makhleb [******]
Gold:   821        SH: 19    Dex: 15    Spells: 32/32 levels left

rFire   . . .      SeeInvis +    A - +0 long sword "Newt's Foe" {vamp, rElec}
rCold   + . .      Faith    .    X - +2 kite shield {reflect}
rNeg    . . .      Spirit   +    n - +9 plate armour "Puvvoabbiq" {Contam Regen+ rCorr Dex+5}
rPois   +          Reflect  +    F - +3 helmet "Vaskewn" {rPois Int+7 Dex-3}
rElec   +          Rampage  .    Q - +0 cloak
rCorr   +                        K - +2 pair of gloves
Will    ++...                    U - +1 pair of boots {Stlth+} Stlth
                                 N - amulet of the Median {Reflect Str+3 SH+5}
HPRegen 1.98/turn                v - +5 ring of evasion
MPRegen 0.22/turn                W - ring of the Sky {rC+ Str+2 SInv}

@: constricted
A: fangs 3, regeneration 1, magic shield, antimagic bite, no potion heal 2
a: Renounce Religion, Minor Destruction, Lesser Servant of Makhleb, Major
Destruction, Greater Servant of Makhleb


You were on level 4 of the Snake Pit.
You worshipped Makhleb.
Makhleb was exalted by your worship.
You visited 6 branches of the dungeon, and saw 30 of its levels.
You visited the Abyss 1 time.
You also visited: Sewer and Ice Cave.

You collected 3744 gold pieces.
You spent 2923 gold pieces at shops.

Inventory:

Hand Weapons
 c - a +0 triple sword of protection
 A - the +0 long sword "Newt's Foe" (weapon) {vamp, rElec}
   (You bought it in a shop on level 4 of the Dungeon)

   rElec:     It insulates you from electricity.
 R - a +3 scimitar of flaming
 Y - the +5 falchion "Roexkiogi" {holy, rN+ Will+ Str+2}
   (You took it off a deep elf zephyrmancer on level 3 of the Elven Halls)

   Str:       It affects your strength (+2).
   rN:        It protects you from negative energy.
   Will:      It increases your willpower.
Missiles
 I - 7 throwing nets (quivered)
Armour
 n - the +9 plate armour "Puvvoabbiq" (worn) {Contam Regen+ rCorr Dex+5}
   (You found it on level 2 of the Dungeon)

   Dex:       It affects your dexterity (+5).
   Contam:    It causes magical contamination when unequipped.
   Regen:     It increases your rate of health regeneration.
   rCorr:     It protects you from acid and corrosion.
 y - the +2 pair of boots of Kecopn {rC- rN+ Str+3 SInv}
   (You bought it in a shop on level 2 of the Elven Halls)

   Str:       It affects your strength (+3).
   rC:        It makes you vulnerable to cold.
   rN:        It protects you from negative energy.
   SInv:      It lets you see invisible.
 F - the +3 helmet "Vaskewn" (worn) {rPois Int+7 Dex-3}
   (You found it on level 3 of the Elven Halls)

   Int:       It affects your intelligence (+7).
   Dex:       It affects your dexterity (-3).
   rPois:     It protects you from poison.
 K - a +2 pair of gloves (worn)
 Q - a +0 cloak (worn)
 U - a +1 pair of boots of stealth (worn)
 X - a +2 kite shield of reflection (worn)
Jewellery
 o - the ring of Qufedag {Will+ Str+4 Int+3}
   (You bought it in a shop on level 1 of the Elven Halls)

   [ring of willpower]

   Str:       It affects your strength (+4).
   Int:       It affects your intelligence (+3).
   Will:      It increases your willpower.
 v - a +5 ring of evasion (left hand)
 J - a ring of fire
 N - the amulet of the Median (around neck) {Reflect Str+3 SH+5}
   (You bought it in a shop on level 1 of the Elven Halls)

   [amulet of reflection]

   It reflects blocked missile attacks.
   Str:       It affects your strength (+3).
   SH:        It affects your SH (+5).
 O - a ring of positive energy
 S - a ring of see invisible
 T - a +4 ring of protection
 V - a ring of flight
 W - the ring of the Sky (right hand) {rC+ Str+2 SInv}
   (You took it off a deep elf blademaster on level 3 of the Elven Halls)

   [ring of see invisible]

   Str:       It affects your strength (+2).
   rC:        It protects you from cold.
   SInv:      It lets you see invisible.
Wands
 a - a wand of paralysis (15)
 q - a wand of quicksilver (20)
 s - a wand of digging (3)
 u - a wand of flame (69)
 G - a wand of mindburst (7)
 H - a wand of iceblast (21)
Scrolls
 b - a scroll of summoning
 h - 2 scrolls of magic mapping
 k - a scroll of fear
 l - 7 scrolls of teleportation
 m - 2 scrolls of blinking
 r - 5 scrolls of fog
 z - 9 scrolls of identify
 C - 3 scrolls of poison
 D - 3 scrolls of enchant armour
 L - a scroll of amnesia
 P - 4 scrolls of enchant weapon
Potions
 d - 10 potions of might
 e - 2 potions of berserk rage
 f - 5 potions of haste
 g - 2 potions of mutation
 i - 16 potions of curing
 j - 5 potions of cancellation
 p - 2 potions of lignification
 t - 5 potions of flight
 w - 3 potions of ambrosia
 x - 3 potions of brilliance
 B - a potion of invisibility
 E - 6 potions of attraction
 M - 2 potions of magic


   Skills:
 + Level 15.8 Fighting
 + Level 17.4 Long Blades
 - Level 6.5 Axes
 + Level 11.1 Armour
 + Level 10.8 Dodging
 - Level 12.0 Shields
 + Level 7.2 Spellcasting


You had 32 spell levels left.
You didn't know any spells.
Your spell library contained the following spells:

 Spells                   Type           Power      Damage    Failure   Level
 Summon Small Mammal      Summ           24%        N/A       83%         1
 Blink                    Tloc           12%        N/A       92%         2
 Lesser Beckoning         Tloc           12%        N/A       92%         2
 Momentum Strike          Conj/Tloc      12%        3d8       92%         2
 Poisonous Vapours        Pois/Air       12%        N/A       92%         2
 Call Canine Familiar     Summ           6%         N/A       99%         3
 Gell's Gravitas          Tloc           6%         N/A       99%         3
 Ignite Poison            Fire/Tmut/Pois 6%         N/A       99%         3
 Ozocubu's Armour         Ice            6%         N/A       99%         3
 Portal Projectile        Hex/Tloc       12%        N/A       99%         3
 Summon Guardian Golem    Hex/Summ       6%         N/A       99%         3
 Teleport Other           Tloc           6%         N/A       99%         3
 Tukima's Dance           Hex            6%         N/A       99%         3
 Animate Dead             Necr           6%         N/A       100%        4
 Cause Fear               Hex            3%         N/A       100%        4
 Leda's Liquefaction      Hex/Erth       3%         N/A       100%        4
 Passage of Golubria      Tloc           6%         N/A       100%        4
 Sticky Flame             Conj/Fire      6%         2d3       100%        4
 Summon Ice Beast         Ice/Summ       6%         N/A       100%        4
 Blade Hands              Tmut           3%         N/A       100%        5
 Irradiate                Conj/Tmut      3%         3d12      100%        5
 Silence                  Hex/Air        3%         N/A       100%        5
 Summon Mana Viper        Hex/Summ       6%         N/A       100%        5
 Yara's Violent Unravell  Hex/Tmut       3%         3d4       100%        5
 Iron Shot                Conj/Erth      3%         9d2       100%        6
 Dragon Form              Tmut           3%         N/A       100%        7
 Haunt                    Necr/Summ      3%         N/A       100%        7
 Malign Gateway           Summ/Tloc      3%         N/A       100%        7
 Monstrous Menagerie      Summ           3%         N/A       100%        7
 Ozocubu's Refrigeration  Ice            3%         4d8       100%        7
 Ignition                 Fire           3%         3d4       100%        8
 Infestation              Necr           3%         N/A       100%        8
 Lehudib's Crystal Spear  Conj/Erth      3%         10d2      100%        8
 Dragon's Call            Summ           3%         N/A       100%        9
 Fire Storm               Conj/Fire      3%         8d1       100%        9


Dungeon Overview and Level Annotations

Branches:
Dungeon (15/15)            Temple (1/1) D:7            Lair (5/5) D:9
 Shoals (0/4) Lair:2        Snake (4/4) Lair:3        Slime (0/5) Lair:4
    Orc (2/2) D:12            Elf (3/3) Orc:2        Vaults (0/5) D:14
 Depths (0/4) D:15          Sewer (visited)           IceCv (visited)

Altars:
Ashenzari
Cheibriados
Dithmenos
Elyvilon
Fedhas
Gozag
Hepliaklqana
Kikubaaqudgha
Makhleb
Nemelex Xobeh
Okawaru
Qazlal
Ru
Sif Muna
Trog
Uskayaw
Vehumet
Wu Jian
Xom
Yredelemnul
Zin
The Shining One

Shops:
D:4 (   D:12 !   D:14 (   D:15 [   Orc:2 *[*[*   Elf:1 ::=   Elf:2 *[(*=
Elf:3 *

Portals:
Trove: D:10 (give +2 gold dragon scales)


Innate Abilities, Weirdness & Mutations

You have razor-sharp teeth.
Your natural rate of healing is unusually fast.
When hurt, damage is shared between your health and your magic reserves.
Your bite disrupts and absorbs the magic of your enemies.
Potions cannot restore your health.


Message History

* * * LOW HITPOINT WARNING * * *
The guardian serpent misses you.
You barely miss the salamander mystic.
You bite the salamander mystic, but do no damage.
The salamander mystic is severely wounded.
You feel sick.
You are no longer poisoned.
You block the naga warrior's attack. The naga warrior constricts you.
The salamander hits you with a +3 glaive!
* * * LOW HITPOINT WARNING * * *
You are engulfed in flames!
* * * LOW HITPOINT WARNING * * *
You block the salamander's attack.
The guardian serpent closely misses you.
The salamander mystic hits you but does no damage.
You block the salamander's attack.
You slash the salamander mystic!
You feel better.
You bite the salamander mystic, but do no damage.
The salamander mystic is almost dead.
The salamander no longer looks unusually strong.
The guardian serpent closely misses you.
You block the naga warrior's attack. The naga warrior constricts you.
You block the salamander's attack. x2
The salamander mystic hits you but does no damage.
The salamander hits you but does no damage.
You hit the salamander mystic.
You feel better.
The salamander mystic is almost dead.
You block the guardian serpent's attack.
The salamander hits you with a +3 glaive!
* * * LOW HITPOINT WARNING * * *
You are engulfed in flames!
* * * LOW HITPOINT WARNING * * *
The salamander hits you but does no damage.
The naga warrior hits you but does no damage.
The naga warrior constricts you.
You block the salamander mystic's attack.
The salamander hits you with a +2 trident.
* * * LOW HITPOINT WARNING * * *
You are engulfed in flames!
You die...

≈ §§ ............ ≈§§
####........... ≈§§§
##...##.......... ≈§≈≈≈
##.....##.........
≈≈§§§.#NN.....#.........
§≈§≈≈.N@N.....#.........
§≈§§≈.#SN.....#......... §≈≈≈.
##.....##......... ## §≈§≈
##'#...##.))....... .# ≈§§
#..'#####'#........ .## ≈§
##...#§§≈.)#........ ..## .
##...##§§≈..#........ ...###
###...##≈≈≈..##........
#....######....##≈.≈§.##.........


You could see a naga warrior (reflecting), a salamander mystic (strong, magic
disrupted), 3 salamanders and a guardian serpent.

Vanquished Creatures
  2 deep elf blademasters (Elf:3)
  3 deep elf master archers (Elf:3)
  A nagaraja (Snake:4)
  Donald (Snake:2)
  Louise (Elf:2)
  7 deep elf sorcerers (Elf:3)
  3 deep elf elementalists
  4 reapers (IceCv)
  Azrael (Orc:2)
  4 deep elf demonologists (Elf:3)
  4 deep elf annihilators
  A dire elephant (Lair:5)
  6 deep elf death magi
  An ettin (D:15)
  A rakshasa (D:15)
  3 deep elf high priests
  Harold (D:9)
  Erolcha (D:12)
  4 catoblepae
  2 caustic shrike simulacra (IceCv)
  5 hydras
  7 anacondas
  3 boulder beetles
  A salamander tyrant (Snake:4)
  34 dancing weapons
  An alligator (Lair:5)
  5 two-headed ogres
  5 centaur warriors
  Urug (D:13)
  11 death yaks
  2 tengu warriors
  15 naga warriors
  10 naga sharpshooters
  6 shock serpents
  3 orc high priests
  Sonja (Lair:1)
  20 deep elf knights
  Lodul (D:13)
  2 skysharks (Lair:5)
  7 salamander mystics
  3 naga ritualists
  A bog body (IceCv)
  A deep troll (D:15)
  A spriggan simulacrum (IceCv)
  3 lindwurms
  7 orc knights
  6 deep elf archers
  3 obsidian statues
  Pikel (D:4)
  2 mana vipers
  26 deep elf pyromancers
  2 necromancers
  6 ugly things
  23 deep elf zephyrmancers
  A wolf spider (Lair:5)
  4 orc sorcerers (Orc:2)
  41 salamanders
  An oklob plant (Lair:4)
  5 manticores
  4 cyclopes
  3 elephants (Lair:4)
  21 black mambas
  A torpor snail (Lair:5)
  12 naga magi
  4 guardian serpents
  5 cane toads (Lair:5)
  2 gargoyles
  3 rime drakes
  3 kobold demonologists
  4 freezing wraiths
  An unseen horror (D:10)
  8 komodo dragons
  3 ice devils (IceCv)
  3 golden dragon simulacra (IceCv)
  4 trolls
  3 tyrant leeches (D:12)
  5 polar bears
  3 hornets
  A raiju (shapeshifter) (D:13)
  18 blink frogs
  6 dream sheep (Lair:4)
  3 vampires (D:12)
  2 dire elephant simulacra (IceCv)
  The ghost of TheSexyCheese the Firebug, an amateur DEFE (D:4)
  6 air elementals
  4 wraiths
  A spriggan (Lair:5)
  A shadow (D:12)
  50 yaks
  7 fire elementals
  4 basilisks
  3 wyverns
  A human (shapeshifter) (Elf:1)
  8 vampire mosquitoes
  16 humans (D:14)
  2 steam dragons
  A warg (Orc:1)
  An acid dragon (D:13)
  4 hell hounds (Orc:2)
  5 hydra simulacra (IceCv)
  37 nagas
  15 water moccasins
  2 ettin simulacra (IceCv)
  An ice beast (D:4)
  4 black bears
  13 ogres
  27 orc warriors
  3 centaurs
  17 wolves
  13 kobold brigands
  A phantom (D:5)
  10 bullfrogs
  2 earth elementals
  3 scorpions
  10 wights
  9 killer bees
  3 electric eels
  2 howler monkeys (D:9)
  16 orc priests
  4 hounds
  2 gnoll boudas
  2 sleepcaps
  3 iguanas
  20 orc wizards
  A hell rat (Lair:5)
  A bullfrog simulacrum (D:4)
  2 scorpion simulacra (D:4)
  Robin (D:2)
  3 river rats (Sewer)
  9 adders
  11 gnolls
  A hound simulacrum (D:4)
  3 white imps
  An ufetubus (D:7)
  A worm (D:2)
  5 dart slugs
  85 orcs
  5 bats
  5 endoplasms
  2 giant cockroaches
  12 goblins
  7 hobgoblins
  2 jackals (D:1)
  40 kobolds
  4 quokkas
  9 ball pythons
  4 frilled lizards
  7 rats
1005 creatures vanquished.

Vanquished Creatures (others)
  A salamander mystic (Snake:3)
  2 deep elf pyromancers
  A naga mage (Snake:1)
  A naga (Snake:3)
  A kobold brigand (D:11)
  An orc priest (Orc:2)
  3 orc wizards (Orc:2)
  3 orcs (Orc:2)
  74 fungi
  26 plants
  3 withered plants (D:9)
116 creatures vanquished.

Grand Total: 1121 creatures vanquished

Notes
Turn   | Place    | Note
-------+----------+-------------------------------------------
     0 | D:1      | mistaj the Vine Stalker Fighter began the quest for the
                  | Orb.
     0 | D:1      | Reached XP level 1. HP: 11/11 MP: 2/2
    63 | D:1      | Reached XP level 2. HP: 16/16 MP: 3/3
   449 | D:1      | Reached XP level 3. HP: 20/20 MP: 4/4
   867 | D:2      | Identified the +9 plate armour "Puvvoabbiq" {Contam Regen+
                  | rCorr Dex+5}
  1082 | D:2      | Noticed Robin
  1095 | D:2      | Killed Robin
  1096 | D:2      | Gained mutation: Your natural rate of healing is unusually
                  | fast. [Vine Stalker growth]
  1096 | D:2      | Reached XP level 4. HP: 24/24 MP: 5/5
  1412 | D:3      | Reached XP level 5. HP: 19/29 MP: 3/6
  1892 | D:3      | Found a sparkling altar of Nemelex Xobeh.
  2028 | D:4      | Noticed a centaur
  2035 | D:4      | Killed a centaur
  2036 | D:4      | Reached XP level 6. HP: 33/33 MP: 5/7
  2147 | D:4      | Noticed an ice beast
  2147 | D:4      | Noticed TheSexyCheese's ghost (amateur DEFE)
  2218 | D:4      | Noticed Pikel
  2226 | D:4      | Found a runed translucent gate.
  2256 | D:4      | Killed Pikel
  2257 | D:4      | Reached skill level 5 in Fighting
  2257 | D:4      | Reached skill level 5 in Shields
  2257 | D:4      | Reached XP level 7. HP: 39/39 MP: 4/8
  2274 | D:4      | Found Vaivialu's Weapon Shop.
  2319 | D:4      | Found a shimmering blue altar of Sif Muna.
  2354 | D:4      | Found a bloodstained altar of Trog.
  2363 | D:4      | Gained mutation: You have razor-sharp teeth. [Vine Stalker
                  | growth]
  2363 | D:4      | Reached XP level 8. HP: 43/43 MP: 9/9
  2368 | D:4      | Reached skill level 5 in Axes
  2390 | D:4      | Found a radiant altar of Vehumet.
  2417 | D:4      | You fall into a shaft and drop 1 floor!
  2417 | D:5      | Entered Level 5 of the Dungeon
  2489 | D:4      | Found a runed translucent gate.
  2489 | D:4      | Found a runed translucent gate.
  2618 | D:4      | Found a glowing drain.
  2623 | Sewer    | Entered a sewer
  3297 | D:4      | Killed TheSexyCheese's ghost
  3572 | D:5      | Reached XP level 9. HP: 49/49 MP: 8/10
  4431 | D:6      | Found a glowing silver altar of Zin.
  4739 | D:4      | Bought the +0 long sword "Newt's Foe" {vamp, rElec} for 269
                  | gold pieces
  4826 | D:7      | Reached skill level 1 in Long Blades
  4945 | D:7      | Found a staircase to the Ecumenical Temple.
  4963 | D:7      | Reached skill level 2 in Long Blades
  4978 | Temple   | Entered the Ecumenical Temple
  5003 | Temple   | Became a worshipper of Makhleb the Destroyer
  5188 | D:7      | Reached skill level 3 in Long Blades
  5372 | D:8      | Reached skill level 4 in Long Blades
  5400 | D:8      | Noticed a hornet
  5422 | D:8      | Killed a hornet
  5422 | D:8      | Reached * piety under Makhleb
  5423 | D:8      | Reached XP level 10. HP: 48/56 MP: 9/11
  5468 | D:8      | Paralysed by a hornet for 2 turns
  5477 | D:8      | Paralysed by a hornet for 3 turns
  5484 | D:8      | Reached skill level 5 in Long Blades
  5662 | D:8      | Reached skill level 6 in Long Blades
  5882 | D:9      | Noticed a two-headed ogre
  5897 | D:9      | Killed a two-headed ogre
  5951 | D:9      | Reached skill level 7 in Long Blades
  5992 | D:9      | Found a staircase to the Lair.
  6034 | D:9      | Reached ** piety under Makhleb
  6035 | D:9      | Noticed Harold
  6076 | D:9      | Killed Harold
  6077 | D:9      | Reached skill level 8 in Long Blades
  6077 | D:9      | Reached XP level 11. HP: 62/62 MP: 12/12
  6201 | D:9      | Found an ancient bone altar of Kikubaaqudgha.
  6342 | D:9      | Reached skill level 9 in Long Blades
  6789 | Lair:1   | Entered Level 1 of the Lair of Beasts
  6863 | Lair:1   | Identified the +5 great mace of Uskayaw's Pride {antimagic,
                  | Fragile rN+ rCorr Dex+5}
  6943 | Lair:1   | Reached skill level 10 in Long Blades
  6954 | Lair:1   | Reached skill level 10 in Fighting
  7183 | Lair:1   | Reached *** piety under Makhleb
  7374 | Lair:1   | Reached skill level 11 in Long Blades
  7427 | Lair:1   | Reached XP level 12. HP: 68/68 MP: 13/13
  7444 | Lair:1   | Noticed Sonja
  7484 | Lair:1   | Killed Sonja
  8255 | Lair:2   | Found a staircase to the Shoals.
  8604 | Lair:2   | Reached skill level 12 in Long Blades
  8763 | Lair:2   | Identified a scroll of acquirement
  8763 | Lair:2   | Acquired 396 gold pieces
  8821 | Lair:3   | Found a staircase to the Snake Pit.
  9327 | Lair:3   | Reached **** piety under Makhleb
  9562 | Lair:4   | Found a staircase to the Slime Pits.
 10229 | Lair:4   | Reached skill level 13 in Long Blades
 10334 | Lair:5   | Entered Level 5 of the Lair of Beasts
 10334 | Lair:5   | Noticed a death yak
 10334 | Lair:5   | Noticed a death yak
 10334 | Lair:5   | Noticed a death yak
 10334 | Lair:5   | Noticed a death yak
 10372 | Lair:4   | Killed a death yak
 10433 | Lair:4   | Killed a death yak
 10434 | Lair:4   | Reached XP level 13. HP: 70/74 MP: 14/14
 10572 | Lair:5   | Reached skill level 14 in Long Blades
 10888 | Lair:4   | Reached skill level 1 in Dodging
 10888 | Lair:4   | Reached skill level 1 in Spellcasting
 11335 | Lair:4   | Reached ***** piety under Makhleb
 11687 | Lair:5   | Noticed a dire elephant
 11700 | Lair:5   | Killed a dire elephant
 11813 | Lair:5   | Reached XP level 14. HP: 81/81 MP: 18/21
 11955 | Lair:5   | Reached skill level 5 in Armour
 11955 | Lair:5   | Reached skill level 5 in Spellcasting
 12536 | D:10     | Entered Level 10 of the Dungeon
 12584 | D:10     | Found a portal to a secret trove of treasure.
 13518 | D:11     | Found a faded altar of an unknown god.
 13905 | D:12     | Found Zihaidd's Distillery.
 14117 | D:12     | Reached skill level 5 in Dodging
 14332 | D:12     | Found the +8 Vampire's Tooth {megavamp}
 14550 | D:12     | Found a staircase to the Orcish Mines.
 14891 | D:13     | Noticed Lodul
 15061 | D:13     | Killed Lodul
 15202 | D:13     | Found an ornate altar of the Wu Jian Council.
 15312 | D:13     | Reached ****** piety under Makhleb
 15444 | D:13     | Identified the +2 pair of boots of Refuge {rF+}
 15539 | D:13     | Noticed Urug
 15561 | D:13     | Killed Urug
 15837 | D:14     | Reached XP level 15. HP: 81/86 MP: 21/24
 15856 | D:14     | Found a gate to the Vaults.
 16160 | D:14     | Found Seatz's Weapon Shop.
 16303 | D:14     | Found an iron altar of Okawaru.
 16428 | D:15     | Entered Level 15 of the Dungeon
 16907 | D:15     | Found a staircase to the Depths.
 17745 | D:15     | Found Qexzo's Antique Armour Shop.
 18071 | Orc:1    | Entered Level 1 of the Orcish Mines
 18081 | Orc:1    | Noticed Erolcha
 18152 | D:12     | Killed Erolcha
 18766 | Orc:2    | Entered Level 2 of the Orcish Mines
 18794 | Orc:2    | Found Hazamu's Overcharged Wands.
 18809 | Orc:2    | Found a staircase to the Elven Halls.
 18998 | Orc:2    | Noticed Azrael
 19023 | Orc:2    | Killed Azrael
 19738 | Orc:2    | Found Zacsof's Assorted Antiques.
 19738 | Orc:2    | Found Ybefuqoa's Antique Armour Emporium.
 19740 | Orc:2    | Found Orghyl's General Store.
 19740 | Orc:2    | Found Sali's Armour Boutique.
 19753 | Orc:2    | Bought the +2 hood of the Assassin {Detect Stab+ Stlth++}
                  | for 1020 gold pieces
 19753 | Orc:2    | Found the +2 hood of the Assassin {Detect Stab+ Stlth++}
 20027 | Elf:1    | Entered Level 1 of the Elven Halls
 20032 | Elf:1    | Paralysed by an air elemental for 1 turns
 20174 | Elf:1    | Paralysed by an air elemental for 1 turns
 20179 | Elf:1    | Paralysed by an air elemental for 1 turns
 20382 | Elf:1    | Reached XP level 16. HP: 93/93 MP: 25/25
 20579 | Elf:1    | Found Lapnak's Book Shoppe.
 20580 | Elf:1    | Found Tumnufom's Jewellery Shop.
 20581 | Elf:1    | Found Jupeloj's Book Shoppe.
 20590 | Elf:1    | Bought the ring of Qufedag {Will+ Str+4 Int+3} for 700 gold
                  | pieces
 20590 | Elf:1    | Bought the amulet of the Median {Reflect Str+3 SH+5} for
                  | 649 gold pieces
 20858 | Elf:1    | Paralysed by an air elemental for 1 turns
 20864 | Elf:1    | Paralysed by an air elemental for 1 turns
 21142 | Elf:1    | Identified the +4 flail "Dydyguixt" {pain, Will+ Str+4
                  | Int+4 Dex+3}
 21306 | Elf:2    | Found Faseyfao's General Store.
 21580 | Elf:2    | Found Noac's Weapon Emporium.
 21601 | Elf:2    | Found Apenuc's Antique Armour Shop.
 21607 | Elf:2    | Bought a pair of masterwork boots for 285 gold pieces
 21607 | Elf:2    | Identified the +2 pair of boots of Kecopn {rC- rN+ Str+3
                  | SInv} (You bought it in a shop on level 2 of the Elven
                  | Halls)
 21728 | Elf:2    | Found Ahawergho's General Store.
 22099 | Elf:2    | Reached skill level 15 in Fighting
 22099 | Elf:2    | Reached skill level 10 in Armour
 22167 | Elf:2    | Found a runed translucent gate.
 22167 | Elf:2    | Found a runed translucent gate.
 22167 | Elf:2    | Found a runed translucent gate.
 22229 | Elf:2    | Found Yxtitot's Jewellery Shoppe.
 22808 | Elf:2    | Reached skill level 10 in Dodging
 22878 | Elf:2    | Noticed Louise
 23583 | Elf:2    | Killed Louise
 23699 | Elf:2    | Reached XP level 17. HP: 63/91 MP: 21/26
 23936 | Elf:3    | Entered Level 3 of the Elven Halls
 23936 | Elf:3    | Found Leliowac's General Store.
 24434 | Elf:2    | Paralysed by an air elemental for 1 turns
 24558 | Abyss:2  | Found a corrupted altar of Lugonu.
 24558 | Abyss:2  | Cast into level 2 of the Abyss (a deep elf sorcerer)
 24642 | Abyss:3  | Noticed a lich
 24696 | Elf:3    | Escaped the Abyss
 24754 | Elf:3    | Paralysed by an air elemental for 1 turns
 24765 | Elf:3    | Reached skill level 15 in Long Blades
 25159 | Elf:3    | Identified the +6 scale mail of the Dropbear {+Blink Regen+
                  | Dex-4}
 25159 | Elf:3    | Noticed a deep elf blademaster
 25353 | Elf:3    | Killed a deep elf blademaster
 25508 | Elf:3    | Noticed an Ice Fiend
 25530 | Elf:3    | Noticed a Tzitzimitl
 25778 | Elf:3    | Noticed a Tzitzimitl
 25780 | Elf:3    | Noticed a Hell Sentinel
 25864 | Elf:3    | Noticed a deep elf master archer
 25868 | Elf:3    | Killed a deep elf master archer
 26263 | Elf:3    | Identified the ring of the Sky {rC+ Str+2 SInv}
 26263 | Elf:3    | Noticed a deep elf blademaster
 26309 | Elf:3    | Killed a deep elf blademaster
 26434 | Elf:3    | Noticed a deep elf master archer
 26443 | Elf:3    | Killed a deep elf master archer
 26513 | Elf:3    | Identified the +8 shadow dragon scales of Rojeni Ramm
                  | {Will+ Stlth++++}
 26513 | Elf:3    | Noticed a deep elf master archer
 26525 | Elf:3    | Killed a deep elf master archer
 26644 | Elf:3    | Identified the +5 falchion "Roexkiogi" {holy, rN+ Will+
                  | Str+2}
 26702 | Elf:3    | Reached skill level 10 in Shields
 26715 | Elf:3    | Identified the +3 helmet "Vaskewn" {rPois Int+7 Dex-3}
 26734 | Elf:3    | Got the Teachings on the Switch and Bruises
 26744 | Elf:3    | Identified the staff of cold "Plog" {rC+ rN+ Str+4}
 26747 | Elf:3    | Got the Tome of Meteoric Generation
 26748 | Elf:3    | Identified the +2 hand axe of the Purple Skies {flame,
                  | Str+2 SInv}
 27111 | Snake:1  | Entered Level 1 of the Snake Pit
 27274 | Snake:1  | Reached skill level 16 in Long Blades
 27410 | Snake:1  | Reached XP level 18. HP: 104/104 MP: 27/27
 28127 | Snake:2  | You fall into a shaft and drop 1 floor!
 28203 | Snake:3  | Found a frozen archway.
 28219 | IceCv    | Entered an ice cave
 29112 | Snake:3  | Identified the +1 robe of Precision Catastrophes {Rampage
                  | rCorr MP-9 Archmagi}
 29220 | Snake:3  | Found a transporter.
 29691 | Snake:1  | Reached skill level 17 in Long Blades
 29901 | Snake:2  | Noticed Donald
 29936 | Snake:2  | Killed Donald
 31443 | Snake:3  | Found a transporter.
 31458 | Snake:3  | Identified the +0 leather armour of Votor {*Slow Int+3}
 31460 | Snake:3  | Identified the +1 leather armour of Miujawaa {Harm Slay+2}
 31478 | Snake:3  | Identified the amulet of the Echidna {Spirit Int+2 Dex+3}
 31518 | Snake:4  | Entered Level 4 of the Snake Pit
 31576 | Snake:4  | Reached XP level 19. HP: 109/109 MP: 28/30
 32309 | Snake:4  | Slain by a salamander

Illustrated notes

Levels and vault maps discovered:
D:1:      moated_graveyard_arrival, layout_loops_ring, grunt_decor_resistance
D:2:      layout_rooms, columned_hall_lemuel, st_stairs_3,
          minmay_misc_feat_ornament, minmay_split_cup_small, uniq_robin
D:3:      cheibrodos_pilgrimage, layout_basic, marbit_many_paths
D:4:      layout_loops_ring, trog_ov_bears_minmay, fiery_altar_vehumet,
          kennysheep_orc_sif_temple, portal_sewer_entry_e, gammafunk_ghost_icy,
          nicolae_take_the_stairs, uniq_pikel
D:5:      layout_layer_cave
D:6:      layout_rooms, kennysheep_mini, st_stairs_6
D:7:      layout_rooms, minmay_temple_entry_mist, corexii_corridor_pit
D:8:      layout_rooms, hellmonk_bongcloud_opening
D:9:      layout_loops_ring, kiku_gazebo_garden_becter, hellmonk_lair_entry_icy,
          uniq_harold
D:10:     layout_basic, nicolae_trove_entry_free_sample, nrook_mini_vaults,
          kennysheep_cross_bottleneck, minivault_16
D:11:     layout_cave_pools, serial_column_ruins, column_ruins_square_medium,
          column_ruins_temple_hall, column_ruins_grid_3, column_ruins_open_tiny,
          column_ruins_open_medium, column_ruins_open_tiny, column_ruins_grid_4,
          column_ruins_corridor_dead_end
D:12:     layout_small_grid, david_orc_4, serial_shops, shop,
          minmay_guarded_unrand_vampires_tooth
D:13:     layout_cave_pools, kennysheep_cross_room,
          nicolae_wu_jian_immortal_techniques, uniq_lodul, uniq_urug
D:14:     layout_loops_ring, david_vaults_3, serial_shops, shop,
          hellmonk_okawaru_the_only_friend_you_need
D:15:     hangedman_depths_entry_civil_slaughter, layout_long_grid, special_room
          [special_room_orc], serial_shops, shop, ebering_dispersal_statue_hall
Temple:   lightli_temple_of_artemis
Lair:1:   layout_loops_ring, grunt_megastairs_3, serial_bayou_shore_a,
          uniq_sonja
Lair:2:   layout_loops_ring, elwin_shoals_entry_rocks,
          hangedman_lair_unloving_vines, serial_bayou_shore_b,
          grunt_megastairs_5
Lair:3:   layout_regular_city, guppyfry_snake_entry_island, beast_lair_carwin_9,
          grunt_megastairs_1
Lair:4:   layout_roguey, dpeg_slime_entry_corner
Lair:5:   hangedman_lair_in_review, layout_gridlike,
          grunt_forest_large_clearing_hut
Snake:1:  layout_misc_corridors
Snake:2:  layout_onion_interference, drop_trap, nicolae_snake_salamander_zone,
          uniq_donald
Snake:3:  gammafunk_the_bubble [the_bubble_gammafunk_plus_minus],
          layout_gridlike, portal_ice_cave_entry_pillars_2
Snake:4:  snake_pit_salamanders_mu, layout_onion, lemuel_fruit_tree,
          grunt_megastairs_2
Orc:1:    layout_caves, nicolae_orc_lost_temple, uniq_erolcha
Orc:2:    grunt_orc_tribal_feast, layout_caves, nicolae_shop_overcharged_wands,
          uniq_azrael
Elf:1:    nicolae_elf_arrival_aired_out, layout_loops_corners, minivault_28,
          minmay_shop_grove
Elf:2:    nicolae_elf_blades_splatter_lattice
          [nicolae_blade_entry_floor_patterns], layout_loops_corners,
          serial_shops, nicolae_square_shop, shop_fountains, shop,
          shop_fountains, shop, grunt_ministairs_5, dreamdust_princess_bridge,
          uniq_louise
Elf:3:    minmay_elf_hall_statues, layout_geoelf_octagon, serial_shops,
          nicolae_shop_hallway_stairs

Skill      XL: |  1  2  3  4  5  6  7  8  9 10 11 12 13 14 15 16 17 18 19 |
---------------+----------------------------------------------------------+-----
Axes           | 2 3 4 6 |  6.5
Fighting       | 3 4 5 6 7 9 10 11 12 13 14 15 | 15.8
Shields        | 3 4 5 6 7 10 12 | 12.0
Long Blades    | 4 8 11 13 14 16 17 | 17.4
Dodging        | 3 6 8 10 | 10.8
Spellcasting   | 4 5 6 7 |  7.2
Armour         | 4 7 9 10 11 | 11.1

Action                     |  1- 3 |  4- 6 |  7- 9 | 10-12 | 13-15 | 16-18 | 19-21 || total
---------------------------+-------+-------+-------+-------+-------+-------+-------++-------
  Melee: War axe           |    99 |   121 |   195 |       |    82 |       |       ||   497
         Bite              |    20 |    31 |   105 |   338 |   819 |  1017 |   106 ||  2436
         Long sword        |       |       |   145 |   812 |  1779 |  2391 |   227 ||  5354
    Use: Scroll            |       |       |    16 |    11 |     2 |    11 |       ||    40
         Potion            |       |       |       |       |       |     1 |       ||     1
   Stab: Invisible         |       |       |       |       |       |     4 |       ||     4
 Armour: Scale mail        |    33 |       |       |       |       |       |       ||    33
         Plate armour      |    26 |    81 |   215 |   401 |   966 |   815 |    62 ||  2566
  Dodge: Dodged            |    48 |    38 |   188 |   306 |  1007 |   866 |    97 ||  2550
  Block: Buckler           |    20 |    44 |   214 |   459 |  1135 |   199 |       ||  2071
         Reflection        |       |       |     4 |     5 |    50 |   179 |    28 ||   266
         Tower shield      |       |       |       |       |       |  1656 |       ||  1656
         Kite shield       |       |       |       |       |       |   350 |   208 ||   558

Table legend: (Time is in decaauts)
 A = Elapsed time spent in this place.
 B = Non-inter-level travel time spent in this place.
 C = Inter-level travel time spent in this place.
 D = Time resting spent in this place.
 E = Time spent auto-exploring this place.
 F = Levels seen in this place.
 G = Mean time per level.
                   A        B        C        D        E       F      G
               +--------+--------+--------+--------+--------+-----+--------+
         Total |  31855 |  30161 |   1694 |   5194 |  13352 |  34 |  936.9 |
       Dungeon |  12243 |  11435 |    808 |   1176 |   6978 |  15 |  816.2 |
        Temple |     55 |     31 |     24 |      0 |      0 |   1 |   55.0 |
          Lair |   5614 |   5376 |    238 |    743 |   3070 |   5 | 1122.8 |
     Snake Pit |   4314 |   4183 |    131 |    791 |    896 |   4 | 1078.5 |
  Orcish Mines |   1716 |   1547 |    169 |    320 |    577 |   2 |  858.0 |
   Elven Halls |   6609 |   6286 |    323 |   2033 |   1598 |   3 | 2203.0 |
         Abyss |    140 |    140 |      0 |      0 |      0 |   2 |   70.0 |
         Sewer |    416 |    416 |      0 |      0 |    202 |   1 |  416.0 |
      Ice Cave |    745 |    745 |      0 |    128 |     30 |   1 |  745.0 |
               +--------+--------+--------+--------+--------+-----+--------+

Top non-repeatable levels by time:
   Elf:2: 2803 daAuts
   Elf:3: 2460 daAuts
  Lair:5: 1496 daAuts
   Elf:1: 1345 daAuts
 Snake:1: 1332 daAuts
    D:15: 1329 daAuts
    D:12: 1320 daAuts
  Lair:4: 1298 daAuts
  Lair:1: 1298 daAuts
 Snake:3: 1160 daAuts
 Snake:2: 1077 daAuts
     D:5: 1025 daAuts
     D:4: 1023 daAuts
    D:14: 962 daAuts
     D:9: 951 daAuts
